 Dungeon Crawl Stone Soup version 0.29.1-15-g9cfb28693d (webtiles) character file.

Game seed: 4507759858390521804

22 Descartes the Shield-Bearer (level 3, -1/29 HPs)
             Began as a Formicid Fighter on Apr 10, 2023.
             Slain by Terence
             ... wielding a +0 falchion
              (3 damage)
             ... on level 2 of the Dungeon.
             The game lasted 00:01:19 (1306 turns).

Descartes the Shield-Bearer (Formicid Fighter)      Turns: 1306, Time: 00:01:20

Health: -1/29      AC:  6    Str: 22    XL:     3   Next: 7%
Magic:  3/3        EV:  9    Int:  7    God:
Gold:   48         SH:  5    Dex: 13    Spells: 2/2 levels left

rFire   . . .      SeeInvis +   a - +0 war axe
rCold   . . .      Faith    .   c - +0 buckler
rNeg    . . .      Spirit   .   b - +0 scale mail
rPois   .          Reflect  .   (helmet unavailable)
rElec   .          Harm     .   (no cloak)
rCorr   .          Rampage  .   (no gloves)
Will    .....                   (no boots)
Stlth   ..........              (no amulet)
HPRegen 0.09/turn               (no ring)
MPRegen 0.08/turn               (no ring)

@: no status effects
A: permanent stasis, dig shafts and tunnels, antennae 3, four strong arms
a: Dig, Shaft Self


You were on level 2 of the Dungeon.
You visited 1 branch of the dungeon, and saw 2 of its levels.

You collected 48 gold pieces.

Inventory:

Hand Weapons
 a - a +0 war axe (weapon)
Missiles
 e - 4 poisoned darts
 g - 3 curare-tipped darts
Armour
 b - a +0 scale mail (worn)
 c - a +0 buckler (worn)
Scrolls
 f - a scroll of identify {unknown}
 i - 2 scrolls of poison {unknown}
Potions
 d - 2 potions of might
 h - a potion of degeneration {unknown}
 j - a potion of berserk rage {unknown}
 k - 2 potions of lignification {unknown}


   Skills:
 + Level 3.3 Fighting
 + Level 2.1 Axes
 + Level 3.4 Armour
 + Level 4.1 Shields
 + Level 0.4 Spellcasting
 + Level 0.5 Earth Magic
 * Level 1.5 Evocations


You had 2 spell levels left.
You didn't know any spells.
Your spell library contained the following spells:

 Spells                   Type           Power      Damage    Failure   Level
 Dazzling Flash           Conj/Hex       0%         N/A       99%         3
 Iskenderun's Mystic Bla  Conj/Tloc      0%         2d3       100%        4
 Starburst                Conj/Fire      0%         6d3       100%        6


Dungeon Overview and Level Annotations

Branches:
Dungeon (2/15)

Altars:

Annotations:
D:2 Terence


Innate Abilities, Weirdness & Mutations

You cannot be hasted, slowed, berserked, paralysed or teleported.
You can dig through walls and to a lower floor.
You have a pair of large antennae on your head. (SInv)
Your four strong arms can wield two-handed weapons with a shield.


Message History

You barely miss Terence.
Terence is heavily wounded.
You hit the quokka.
You kill the quokka!
You block Terence's attack.
Unknown command.
You hit Terence.
Terence is severely wounded.
You block Terence's attack. Terence hits you with a +0 falchion.
* * * LOW HITPOINT WARNING * * *
You closely miss Terence.
Terence is severely wounded.
You block Terence's attack.
You barely miss Terence.
Terence is severely wounded.
You block Terence's attack. Terence hits you but does no damage.
Unknown command.
You barely miss Terence.
Terence is severely wounded.
You block Terence's attack.
You hit Terence but do no damage.
Terence is severely wounded.
You block Terence's attack.
Unknown command.
You hit Terence but do no damage.
Terence is severely wounded.
Terence hits you with a +0 falchion.
* * * LOW HITPOINT WARNING * * *
Terence barely misses you.
You closely miss Terence.
Terence is severely wounded.
Terence barely misses you.
Unknown command.
You barely miss Terence.
Terence is severely wounded.
Terence says, "How do you enjoy it?" Terence hits you with a +0 falchion.
* * * LOW HITPOINT WARNING * * *
Terence hits you with a +0 falchion.
You die...

#.# #.# ##### #.# ..... #.#
{ ...... #.# ......##.#
...{ .....$@..### ...
......†@...#
....###############.#
....#<.........†..#.#######
..........................
...#....#......#.#.#######
...#.#..#.####.#.#.#
##..#....#....#.#.#.#
....#.#.........#.#.#
#..###†#####.###.#.#


You could see Terence.

Vanquished Creatures
  2 bats
  A goblin (D:1)
  A hobgoblin (D:2)
  6 kobolds
  4 quokkas
  2 ball pythons (D:2)
  2 frilled lizards (D:1)
  2 rats
20 creatures vanquished.

Notes
Turn   | Place    | Note
-------+----------+-------------------------------------------
     0 | D:1      | Descartes the Formicid Fighter began the quest for the Orb.
     0 | D:1      | Reached XP level 1. HP: 18/18 MP: 1/1
   344 | D:1      | Reached XP level 2. HP: 21/24 MP: 2/2
   542 | D:1      | Reached skill level 1 in Evocations
  1285 | D:2      | Noticed Terence
  1289 | D:2      | Reached XP level 3. HP: 19/29 MP: 3/3
  1306 | D:2      | Slain by Terence

Illustrated notes

Levels and vault maps discovered:
D:1:      saegor_arrival_simple_d, layout_loops_ring
D:2:      layout_basic, minmay_tall_x, uniq_terence

Skill      XL: |  1  2 |
---------------+-------+-----
Evocations     | 1 |  1.5
Fighting       | |  3.3
Axes           | |  2.1
Armour         | |  3.4
Shields        | |  4.1
Spellcasting   | |  0.4
Earth Magic    | |  0.5

Action                   || total
-------------------------++-------
Melee: War axe           ||    83
Armor: Scale mail        ||    35
Dodge: Dodged            ||    55
Block: Buckler           ||    32
